 Dungeon Sprint DCSS version 0.31-a0-691-g409c26aa35 (webtiles) character file.

Game seed: 2162171718172680650

1766 sircluck the Grappler (level 8, -13/93 HPs)
             Began as a Troll Berserker on Sept 6, 2023.
             Was an Elder of Trog.
             Mangled by a deep troll (14 damage)
             ... in the Dungeon (Sprint I: "Red Sonja").
             The game lasted 00:01:34 (330 turns).

sircluck the Grappler (Troll Berserker)              Turns: 330, Time: 00:01:35

Health: -13/93     AC:  4    Str: 28    XL:     8   Next: 80%
Magic:  7/7        EV: 12    Int:  3    God:    Trog [****..]
Gold:   731        SH:  0    Dex:  9    Spells: 7/7 levels left

rFire   . .          .
                       - Unarmed
rCold   . . .        (no shield)
rNeg    . . .        a - +0 animal skin
rPois   .            (helmet restricted)
rElec   .            (no cloak)
rCorr   .            (gloves unavailable)
SInv    .            (boots unavailable)
Will    .....        (no amulet)
Stlth   +            (no ring)
HPRegen 1.15/turn    (no ring)
MPRegen 0.10/turn

%: no teleportation
@: no status effects
A: large, unfitting armour, claws 3, regeneration 1, shaggy fur 1, tough skin 1
a: Renounce Religion, Berserk, Trog's Hand, Brothers in Arms


You were in the Dungeon.
You worshipped Trog.
Trog was greatly pleased with you.
You visited 1 branch You collected 731 gold pieces.

Inventory:

Missiles
 j - 5 stones
Armour
 a - a +0 animal skin (worn)
Wands
 k - a wand of roots (4)
Scrolls
 m - a scroll of fear {unknown}
Potions
 b - 2 potions of curing
 c - a potion of heal wounds
 d - a potion of haste
 e - 2 potions of magic
 f - a potion of berserk rage
 i - a potion of mutation {unknown}


   Skills:
 + Level 10.1 Fighting
 + Level 10.0 Dodging
 + Level 11.8 Unarmed Combat


You had 7 spell levels left.
You didn't know any spells.
Your spell library was empty.

Dungeon Overview and Level Annotations

Branches:
Dungeon (1/1)

Altars:
Cheibriados
Dithmenos
Elyvilon
Fedhas
Gozag
Hepliaklqana
Kikubaaqudgha
Makhleb
Nemelex Xobeh
Okawaru
Qazlal
Ru
Sif Muna
Trog
Uskayaw
Vehumet
Wu Jian
Xom
Yredelemnul
Zin
The Shining One
Jiyva
Lugonu

Shops:
D =*


Innate Abilities, Weirdness & Mutations

You are too large for most types of armour.
You have claws for hands.
Your natural rate of healing is unusually fast.
You are covered in fur. (AC +1)
You have tough skin. (AC +1)


Message History

The deep troll claws you.
The deep troll claws you but does no damage.
You mangle the deep troll!! Your claw misses the deep troll.
The deep troll is moderately wounded.
The deep troll closely misses you.
The deep troll claws you but does no damage.
The deep troll claws you.
You barely miss the deep troll.
The deep troll is moderately wounded.
You barely miss the deep troll.
The deep troll is moderately wounded.
The deep troll closely misses you. The deep troll barely misses you.
The deep troll closely misses you.
You closely miss the deep troll.
The deep troll is moderately wounded.
The deep troll bites you!! The deep troll claws you!
* * * LOW HITPOINT WARNING * * *
The deep troll claws you but does no damage.
The deep troll attacks as it pursues you!
The deep troll bites you but does no damage.
The deep troll barely misses you. The deep troll claws you!
* * * LOW HITPOINT WARNING * * *
Blink to where?
Press: ? - help, Q - select action, (/) - cycle Dir - move target, p - deep troll
Found Paseo's Jewellery Boutique.
As you read the scroll of blinking, it crumbles to dust.
There is an entrance to Paseo's Jewellery Boutique here.
You feel better.
Aiming: Paralyse
Press: ? - help, Q - select action, (/) - cycle Shift-Dir - straight line, f - deep troll
Aim: a deep troll (lightly wounded, chance to affect: 31%)
The deep troll easily resists.
The now-empty wand crumbles to dust.
You mangle the deep troll!!
The deep troll is heavily wounded.
The deep troll bites you!
* * * LOW HITPOINT WARNING * * *
The deep troll claws you!
* * * LOW HITPOINT WARNING * * *
The deep troll claws you!
You die...

#..#####'#####'#__#
#..####..#...#.####
#..#__####..##.#
#..#_____##'#_.+
#⌠⌠#_.∩...'..._#
####_..__##_.#'#
#_____###'#.#
############.####+#
#∩@T......'...'$$.$
###++++####...#####
###.### #.#'#.#
#.....# #...[.#
#######


You could see a deep troll.

Vanquished Creatures
  Sonja (D)
  2 kobold demonologists (D)
  A slime creature (D)
  Sigmund (D)
  A yak (D)
  A floating eye (D)
  An ogre (D)
  A jelly (D)
  Ijyb (D)
10 creatures vanquished.

Vanquished Creatures (others)
  2 ballistomycete spores (D)
2 creatures vanquished.

Grand Total: 12 creatures vanquished

Notes
Turn   | Place    | Note
-------+----------+-------------------------------------------
     0 | D        | sircluck the Troll Berserker began the quest for the Orb.
     0 | D        | Reached XP level 1. HP: 22/22 MP: 0/0
     1 | D        | Noticed Ijyb
     2 | D        | Paralysed by Ijyb for 4 turns
    12 | D        | Paralysed by Ijyb for 4 turns
    19 | D        | Paralysed by Ijyb for 3 turns
    26 | D        | Killed Ijyb
    27 | D        | Reached skill level 4 in Unarmed Combat
    27 | D        | Reached XP level 2. HP: 28/32 MP: 1/1
    31 | D        | Noticed an ogre
    37 | D        | Killed an ogre
    38 | D        | Reached skill level 5 in Fighting
    38 | D        | Reached skill level 5 in Dodging
    38 | D        | Reached skill level 6 in Unarmed Combat
    38 | D        | Reached XP level 3. HP: 42/42 MP: 2/2
    38 | D        | Reached XP level 4. HP: 50/50 MP: 3/3
    53 | D        | Noticed Sigmund
    60 | D        | Killed Sigmund
    60 | D        | Reached ** piety under Trog
    61 | D        | Reached skill level 7 in Unarmed Combat
    61 | D        | Reached XP level 5. HP: 49/61 MP: 4/4
    61 | D        | Reached XP level 6. HP: 54/68 MP: 5/5
    73 | D        | Found a burning altar of Makhleb.
    73 | D        | Found a viscous altar of Jiyva.
    73 | D        | Found a shimmering altar of Xom.
    73 | D        | Found a corrupted altar of Lugonu.
    73 | D        | Noticed a slime creature
    79 | D        | Killed a slime creature
    80 | D        | Reached skill level 9 in Unarmed Combat
    93 | D        | Noticed a kobold demonologist
    93 | D        | Noticed a floating eye
    93 | D        | Noticed a kobold demonologist
    95 | D        | Killed a floating eye
    96 | D        | Reached XP level 7. HP: 74/79 MP: 6/6
    96 | D        | Noticed a hellwing
   102 | D        | Noticed a chaos spawn
   102 | D        | Killed a kobold demonologist
   102 | D        | Reached *** piety under Trog
   103 | D        | Reached skill level 10 in Unarmed Combat
   108 | D        | Killed a kobold demonologist
   109 | D        | Reached XP level 8. HP: 6/92 MP: 7/7
   124 | D        | Found an ornate altar of the Wu Jian Council.
   124 | D        | Found a shimmering blue altar of Sif Muna.
   126 | D        | Found a radiant altar of Vehumet.
   131 | D        | Reached **** piety under Trog
   196 | D        | Found Immot's Assorted Antiques.
   196 | D        | Found an ancient bone altar of Kikubaaqudgha.
   196 | D        | Found a hazy altar of Hepliaklqana.
   196 | D        | Found a hide-covered altar of Uskayaw.
   196 | D        | Found a basalt altar of Yredelemnul.
   196 | D        | Found an opulent altar of Gozag.
   196 | D        | Found a snail-covered altar of Cheibriados.
   196 | D        | Found a sacrificial altar of Ru.
   196 | D        | Found a shadowy altar of Dithmenos.
   203 | D        | Reached skill level 11 in Unarmed Combat
   220 | D        | Found a stormy altar of Qazlal.
   220 | D        | Found a blossoming altar of Fedhas.
   220 | D        | Found a bloodstained altar of Trog.
   220 | D        | Found an iron altar of Okawaru.
   220 | D        | Found a glowing golden altar of the Shining One.
   220 | D        | Found a glowing silver altar of Zin.
   220 | D        | Found a white marble altar of Elyvilon.
   221 | D        | Found a sparkling altar of Nemelex Xobeh.
   231 | D        | Noticed Sonja
   236 | D        | Killed Sonja
   237 | D        | Reached skill level 10 in Fighting
   237 | D        | Reached skill level 10 in Dodging
   310 | D        | Noticed a deep troll
   319 | D        | HP: 2/93 [deep troll (15)]
   320 | D        | Found Paseo's Jewellery Boutique.
   330 | D        | HP: 1/93 [deep troll (13)]
   330 | D        | Mangled by a deep troll

Illustrated notes

Levels and vault maps discovered:
D:        dungeon_sprint_1 [red_sonja_temple_1, red_sonja_temple_small_1]

Skill      XL: |  1  2  3  4  5  6  7  8 |
---------------+-------------------------+-----
Fighting       | 3 5 6 7 9 10 | 10.1
Dodging        | 3 5 6 7 9 10 | 10.0
Unarmed Combat | 4 6 7 9 10 11 | 11.8

Action                     |  1- 3 |  4- 6 |  7- 9 || total
---------------------------+-------+-------+-------++-------
  Melee: Unarmed           |    21 |    10 |    31 ||    62
         Punch             |       |       |     1 ||     1
  Throw: Dart              |       |       |     2 ||     2
 Invoke: Berserk           |       |       |     1 ||     1
  Evoke: Wand              |     1 |     2 |     1 ||     4
    Use: Scroll            |       |       |     1 ||     1
         Potion            |       |       |     1 ||     1
   Stab: Paralysed         |       |     4 |       ||     4
 Armour: Animal skin       |     9 |     5 |    44 ||    58
  Dodge: Dodged            |     9 |     1 |    24 ||    34

Table legend: (Time is in decaauts)
 A = Elapsed time spent in this place.
 B = Non-inter-level travel time spent in this place.
 C = Inter-level travel time spent in this place.
 D = Time resting spent in this place.
 E = Time spent auto-exploring this place.
 F = Levels seen in this place.
 G = Mean time per level.
                   A        B        C        D        E       F      G
               +--------+--------+--------+--------+--------+-----+--------+
         Total |    329 |    329 |      0 |      0 |    128 |   1 |  329.0 |
       Dungeon |    329 |    329 |      0 |      0 |    128 |   1 |  329.0 |
               +--------+--------+--------+--------+--------+-----+--------+

Top non-repeatable levels by time:
       D: 329 daAuts
